 Dungeon Crawl Stone Soup version 0.18-a0-1526-gcb34c7c (webtiles) character file.

1128 dvd the Stinger (level 8, -1/47 HPs)
             Began as an Octopode Venom Mage on Mar 8, 2016.
             Slain by an orc warrior
             ... wielding a +0 battleaxe
              (21 damage)
             ... on level 6 of the Dungeon.
             The game lasted 00:25:07 (7642 turns).

dvd the Stinger (Octopode Venom Mage)               Turns: 7642, Time: 00:25:07

Health: -1/47      AC:  1    Str:  7 (8)  XL:     8   Next: 35%
Magic:  15/15      EV:  7    Int: 16 (19) God:
Gold:   327        SH:  0    Dex: 10 (12) Spells: 4 memorised, 7 levels left

rFire  . . .     SeeInvis .     q - +3 short sword
rCold  . . .     Gourm    +     (no shield)
rNeg   . . .     Faith    .     (helmet restricted)
rPois  .         Spirit   .     v - amulet of the gourmand
rElec  .         Dismiss  .     (no ring)
rCorr  .         Reflect  .     (no ring)
SustAt .         Harm     .     (no ring)
MR     .....                    (no ring)
Stlth  ++++......               (no ring)
                                (no ring)
                                (no ring)
                                (no ring)

@: not resistant to hostile enchantments, stealthy
A: almost no armour, amphibious, 8 rings, constrict 8, camouflage 1, gelatinous
body 1
a: no special abilities


You were on level 6 of the Dungeon.
You were full.

You visited 2 branches of the dungeon, and saw 8 of its levels.
You also visited: Sewer.

You collected 327 gold pieces.

Inventory:

Hand Weapons
 a - a +0 short sword of venom
 b - a +0 hunting sling of freezing
 d - the +3 battleaxe "Ykecaw Sank" {drain, rElec rF- MR+++ Int+3, unknown}
   (You found it on level 6 of the Dungeon)

   A truly terrible weapon, it drains the life of those it strikes.
   It affects your intelligence (+3).
   It makes you vulnerable to fire.
   It insulates you from electricity.
   It affects your resistance to hostile enchantments.
 p - a +0 rapier
 q - a +3 short sword (weapon)
 C - a +1 scythe of venom
Missiles
 g - 226 stones (quivered)
 x - 13 sling bullets
Jewellery
 v - an amulet of the gourmand (around mantle)
Wands
 z - a wand of lightning (15/15)
Scrolls
 c - 5 scrolls of identify
 e - a scroll of amnesia
 i - 3 scrolls of teleportation
 l - a scroll of remove curse
Potions
 h - 4 potions of curing
 j - 3 potions of heal wounds
 m - 5 potions of flight
Books
 k - a Young Poisoner's Handbook

   Spells                             Type                      Level
   a - Sting                          Conjuration/Poison           1
   b - Cure Poison                    Poison                       2
   c - Mephitic Cloud                 Conjuration/Poison/Air       3
   d - Olgreb's Toxic Radiance        Poison                       4
   e - Venom Bolt                     Conjuration/Poison           5
 y - a book of Summonings

   Spells                             Type                      Level
   a - Recall                         Summoning/Translocation      3
   b - Aura of Abjuration             Summoning                    5
   c - Summon Demon                   Summoning                    5
   d - Summon Forest                  Summoning/Translocation      5
   e - Summon Mana Viper              Hexes/Summoning              5
   f - Shadow Creatures               Summoning                    6
 E - a book of Flames

   Spells                             Type                      Level
   a - Flame Tongue                   Conjuration/Fire             1
   b - Throw Flame                    Conjuration/Fire             2
   c - Conjure Flame                  Conjuration/Fire             3
   d - Inner Flame                    Hexes/Fire                   3
   e - Sticky Flame                   Conjuration/Fire             4
   f - Fireball                       Conjuration/Fire             5
Comestibles
 f - 4 bread rations
 n - a royal jelly
 r - 3 meat rations
 s - a slice of pizza


   Skills:
 + Level 0.4 Fighting
 + Level 1.2 Short Blades
 + Level 0.2 Slings
 + Level 3.2 Dodging
 + Level 5.2 Stealth
 + Level 5.1 Spellcasting
 + Level 4.2 Conjurations
 + Level 0.6 Air Magic
 + Level 7.5 Poison Magic


You had 7 spell levels left.
You knew the following spells:

 Your Spells              Type           Power        Failure   Level  Hunger
a - Sting                 Conj/Pois      ###.         1%          1    None
b - Cure Poison           Pois           ####......   1%          2    #......
c - Olgreb's Toxic Radia  Pois           ####....     10%         4    ####...
d - Mephitic Cloud        Conj/Pois/Air  ###.....     12%         3    ###....


Dungeon Overview and Level Annotations

Branches:
Dungeon (7/15)             Temple (1/1) D:6

Altars:
Cheibriados
Dithmenos
Elyvilon
Fedhas
Gozag
Nemelex Xobeh
Okawaru
Pakellas
Qazlal
Vehumet
Xom
Yredelemnul
Zin
The Shining One


Innate Abilities, Weirdness & Mutations

You cannot wear most types of armour.
You are amphibious.
You can wear up to eight rings at the same time.
You can use your tentacles to constrict eight enemies at once.
Your skin changes colour to match your surroundings (Stealth).
Your rubbery body absorbs attacks (AC +1).


Message History

There is an iron altar of Okawaru here.
There is an open door here.
There is an open door here.
Done exploring.
Unknown command.
Unknown command.
There is an open door here.
There is an open door here.
There is an open door here.
There is a staircase back to the Dungeon here.
You climb upwards.
Welcome back to the Dungeon!
There is a staircase to the Ecumenical Temple here.
You climb downwards.
Welcome to the Ecumenical Temple!
There is a staircase back to the Dungeon here.
You climb upwards.
Welcome back to the Dungeon!
The orc warrior hits you with a battleaxe!!
There is a staircase to the Ecumenical Temple, spattered with blood here.
The giant frog hits you!
The orc warrior hits you with a battleaxe!!
You die...

,,*,,,........<.#
,,*,,,........#.#
,**,,,........#)#
,,,,,,........#.##
,,,,,,.F......#..#
***,,,....o..###'###***
*,,,....o.o#.....#,,*
****#####..#.⌠o⌠.#,,*
**#..'..@F.+,,* *******
*....#.⌠.⌠.#,,* ,,,,,,*
*.*,,#.....#,,* #
,****,* *,*,,###+###,,*
# ,* *,*
*,*,,,,,,,,,,,* # ,*
*,* *,*,,,,,,,,,,,* #
,* *,***,*,,,,,,,,,,,*
# ,*
*,,,,,*,,,,,,,,,,,* #
,* *******,,,,,,,,,,,*
#


You could see an orc warrior and a giant frog.

Vanquished Creatures
  Sigmund (D:5)
  Eustachio (D:5)
  Edmund (D:5)
  An ogre (D:4)
  A crimson imp (D:4)
  A howler monkey (D:6)
  A hound (D:6)
  A jelly (D:6)
  An orc priest (D:7)
  A centaur skeleton (D:6)
  Natasha (twice) (D:3)
  A merfolk avatar (Sewer)
  2 worker ants
  2 sirens (Sewer)
  A hound skeleton (D:4)
  9 adders
  4 gnolls (D:7)
  3 river rats (Sewer)
  A shadow imp (D:5)
  2 oozes (D:2)
  An adder zombie (D:6)
  An adder skeleton (D:4)
  3 worms
  A dart slug (D:1)
  4 giant geckos
  5 orcs
  8 ball pythons
  6 giant cockroaches
  7 goblins
  8 hobgoblins
  10 jackals
  A quokka (D:4)
  10 bats
  7 giant newts
  A jackal zombie (D:5)
  8 kobolds
  32 rats
150 creatures vanquished.

Vanquished Creatures (others)
  An ooze (D:4)
  A giant cockroach (D:4)
  A jackal (D:4)
3 creatures vanquished.

Grand Total: 153 creatures vanquished

Notes
Turn   | Place    | Note
--------------------------------------------------------------
     0 | D:1      | dvd the Octopode Venom Mage began the quest for the Orb.
     0 | D:1      | Reached XP level 1. HP: 11/11 MP: 3/3
    15 | D:1      | Reached skill level 5 in Poison Magic
    31 | D:1      | Reached XP level 2. HP: 1/17 MP: 1/5
   524 | D:1      | Reached XP level 3. HP: 3/21 MP: 1/6
   800 | D:1      | Learned a level 2 spell: Cure Poison
  1608 | D:2      | Reached skill level 1 in Conjurations
  1794 | D:2      | Found a faded altar to an unknown god.
  1811 | D:2      | Reached XP level 4. HP: 25/27 MP: 4/7
  1922 | D:2      | Learned a level 4 spell: Olgreb's Toxic Radiance
  2512 | D:3      | Found a sparkling altar of Nemelex Xobeh.
  2555 | D:3      | Reached XP level 5. HP: 28/31 MP: 3/9
  2621 | D:3      | Noticed Natasha
  2625 | D:3      | Killed Natasha
  3069 | D:3      | Noticed Natasha
  3075 | D:3      | Killed Natasha
  3287 | D:4      | Learned a level 3 spell: Mephitic Cloud
  3365 | D:4      | Found a shimmering altar of Xom.
  3366 | D:4      | Noticed an ogre
  3382 | D:4      | Killed an ogre
  3382 | D:4      | Reached skill level 6 in Poison Magic
  3382 | D:4      | Reached XP level 6. HP: 36/36 MP: 5/11
  3440 | D:4      | Found a glowing silver altar of Zin.
  3440 | D:4      | Found an opulent altar of Gozag.
  3532 | D:4      | Found a glowing drain.
  3549 | Sewer    | Entered a sewer
  3997 | Sewer    | Reached skill level 1 in Short Blades
  4541 | D:4      | Reached XP level 7. HP: 42/42 MP: 5/12
  4866 | D:5      | Entered Level 5 of the Dungeon
  5036 | D:5      | Noticed Edmund
  5056 | D:5      | Killed Edmund
  5170 | D:5      | Noticed Eustachio
  5171 | D:5      | Noticed Sigmund
  5178 | D:5      | Killed Eustachio
  5559 | D:5      | Killed Sigmund
  5559 | D:5      | Reached skill level 7 in Poison Magic
  5559 | D:5      | Reached XP level 8. HP: 41/47 MP: 3/15
  6204 | D:6      | Reached skill level 5 in Spellcasting
  6578 | D:7      | Reached skill level 5 in Stealth
  7152 | D:6      | Got a bone battleaxe
  7158 | D:6      | Found a staircase to the Ecumenical Temple.
  7175 | Temple   | Entered the Ecumenical Temple
  7642 | D:6      | Slain by an orc warrior

Vault maps used:
D:1:      scummos_arrival_checkerplants, minmay_misc_feat_more_columns
D:2:      ecumenical_altar_2, roderic_cross_of_infinity
D:3:      first_bread, hangedman_decor_riveting,
          nemelex_xobeh_ov_fountains_minmay, uniq_natasha
D:4:      grunt_temple_overflow_gold_and_silver, portal_sewer_entry_d,
          xom_confusion_cloud
D:5:      minivault_4, uniq_sigmund, uniq_eustachio, uniq_edmund
D:6:      minmay_temple_entry_hall
D:7:      serial_shops, shop
Temple:   dpeg_five_rooms_temple_12
Sewer:    sewer_sea

Skill      XL: |  1  2  3  4  5  6  7  8 |
---------------+-------------------------+-----
Poison Magic   | 5 6 7 |  7.5
Conjurations   | 1 2 4 |  4.2
Stealth        | 3 4 5 |  5.2
Spellcasting   | 3 4 5 |  5.1
Dodging        | 3 |  3.2
Short Blades   | 1 |  1.2
Fighting       | |  0.4
Slings         | |  0.2
Air Magic      | |  0.6

Action                   |  1- 3 |  4- 6 |  7- 9 || total
-------------------------+-------+-------+-------++-------
Melee: Unarmed           |    21 |       |       ||    21
       Dagger            |    15 |       |       ||    15
       Short sword       |    16 |    65 |    39 ||   120
 Fire: Hunting sling     |       |     1 |       ||     1
 Cast: Sting             |    64 |   128 |    43 ||   235
       Cure Poison       |       |     2 |     3 ||     5
       Mephitic Cloud    |       |       |     7 ||     7
       Olgreb's Toxic Ra |       |       |     3 ||     3
  Use: Scroll            |       |       |    10 ||    10
       Potion            |       |       |     7 ||     7
 Stab: Sleeping          |     1 |     7 |     5 ||    13
       Confused          |       |       |     1 ||     1
  Eat: Chunk             |     3 |    24 |     8 ||    35
